 Dungeon Crawl Stone Soup version 0.31.0-32-g396128a36d (webtiles) character file.

Game seed: 9762037653761621357

822 hawla the Carver (level 7, -4/56 HPs)
             Began as a Minotaur Gladiator on Apr 19, 2024.
             Slain by a yak (15 damage)
             ... on level 5 of the Dungeon.
             The game lasted 00:06:29 (4232 turns).

hawla the Carver (Minotaur Gladiator)               Turns: 4232, Time: 00:06:29

Health: -4/56      AC:  7    Str: 18    XL:     7   Next: 63%
Magic:  2/6        EV: 12    Int:  5    God:
Gold:   402        SH:  0    Dex: 14    Spells: 6/6 levels left

rFire   . . .        a - +0 long sword
rCold   . . .        (no shield)
rNeg    . . .        b - +0 leather armour
rPois   .            c - +0 hat
rElec   .            m - +2 cloak
rCorr   .            e - +0 pair of gloves
SInv    .            (no boots)
Will    .....        (no amulet)
Stlth   +            (no ring)
HPRegen 0.29/turn    (no ring)
MPRegen 0.10/turn

%: no passive effects
@: no status effects
A: horns 2, retaliatory headbutt
a: no special abilities


You were on level 5 of the Dungeon.
You visited 1 branch of the dungeon, and saw 5 of its levels.

You collected 402 gold pieces.

Inventory:

Hand Weapons
 a - a +0 long sword (weapon)
 s - a +3 antimagic dagger
Missiles
 d - 3 throwing nets
 p - 6 datura-tipped darts (quivered)
Armour
 b - a +0 leather armour (worn)
 c - a +0 hat (worn)
 e - a +0 pair of gloves (worn)
 m - a +2 cloak (worn)
Jewellery
 k - a ring of fire
Wands
 n - a wand of roots (12)
Scrolls
 i - 2 scrolls of revelation
 r - 2 scrolls of fog
 u - 2 scrolls of fear
Potions
 f - a potion of invisibility {unknown}
 g - a potion of curing
 h - a potion of might {unknown}
 j - 2 potions of cancellation {unknown}
 l - 2 potions of enlightenment {unknown}
 o - a potion of heal wounds {unknown}
 t - a potion of mutation {unknown}
 v - a potion of degeneration {unknown}


   Skills:
 - Level 2.4 Fighting
 - Level 6.3(8.0) Short Blades
 + Level 8.3(9.5) Long Blades
 - Level 2.0 Throwing
 - Level 3.2 Dodging


You had 6 spell levels left.
You didn't know any spells.
Your spell library was empty.

Dungeon Overview and Level Annotations

Branches:
Dungeon (5/15)
 Temple: D:4-7

Altars:
Zin


Innate Abilities, Weirdness & Mutations

You have a pair of horns on your head.
You reflexively headbutt those who attack you in melee.


Message History

Your surroundings suddenly seem different. 6 yaks come into view.
Found a dagger.
The yak bellows! x5; You hear a shout!
The yak bellows!
You feel magic returning to you.
a - a +0 long sword (weapon)
Okay, then.
The yak snorts and paws the ground.
The yak misses you.
The yak snorts and paws the ground.
You slash the yak!
The yak is moderately wounded.
You hit the yak but do no damage. You headbutt the yak.
The yak is moderately wounded.
The yak misses you. The yak closely misses you. The yak barely misses you.
You furiously retaliate!
You headbutt the yak! You hit the yak.
The yak is heavily wounded.
The yak closely misses you. You furiously retaliate!
You headbutt the yak! The yak gores you! The yak closely misses you.
Unknown command.
You barely miss the yak. You headbutt the yak, but do no damage.
The yak is heavily wounded.
The yak gores you. The yak gores you! The yak gores you but does no damage.
Unknown command.
You hit the yak. You headbutt the yak.
The yak is severely wounded.
The yak gores you! The yak barely misses you. You furiously retaliate!
You headbutt the yak! The yak completely misses you. You furiously retaliate!
You headbutt the yak!
Unknown command.
You slash the yak!
You kill the yak!
The yak gores you.
Your base Long Blades skill increases to level 8!
Unknown command.
You hit the yak but do no damage. The yak gores you!
* * * LOW HITPOINT WARNING * * *
The yak gores you!
You die...

#........
...
#.......
...
#)....###
...
#........
...
#........
...
#........
##
#Y.......
#YY......
#@YY.....
#####....
... .. .


You could see 5 yaks.

Vanquished Creatures
  A yak (D:5)
  An ogre (D:4)
  Blork the orc (D:4)
  A hound (D:5)
  A bombardier beetle (D:4)
  An orc priest (D:4)
  Crazy Yiuf (D:3)
  An iguana (D:5)
  2 sleepcaps
  An orc wizard (D:4)
  Robin (D:2)
  A gnoll (D:5)
  7 adders
  3 dart slugs
  3 ribbon worms
  11 orcs
  9 ball pythons
  3 bats
  7 endoplasms
  2 giant cockroaches (D:2)
  21 goblins
  15 hobgoblins
  13 jackals
  3 kobolds
  4 quokkas
  2 frilled lizards
  5 rats
121 creatures vanquished.

Vanquished Creatures (collateral kills)
  An ogre (D:4)
  A goblin (D:4)
2 creatures vanquished.

Grand Total: 123 creatures vanquished

Notes
Turn   | Place    | Note
-------+----------+-------------------------------------------
     0 | D:1      | hawla the Minotaur Gladiator began the quest for the Orb.
     0 | D:1      | Reached XP level 1. HP: 18/18 MP: 0/0
    44 | D:1      | Reached skill level 4 in Long Blades
   101 | D:1      | Reached XP level 2. HP: 25/25 MP: 1/1
   470 | D:1      | Reached skill level 5 in Long Blades
   897 | D:2      | Reached XP level 3. HP: 30/30 MP: 2/2
  1067 | D:2      | Noticed Robin
  1105 | D:2      | Reached skill level 6 in Long Blades
  1105 | D:2      | Reached XP level 4. HP: 37/37 MP: 3/3
  1112 | D:2      | Killed Robin
  1672 | D:3      | Found a glowing silver altar of Zin.
  1977 | D:3      | Found a faded altar of an unknown god.
  2057 | D:3      | Found a runed translucent door.
  2058 | D:3      | Noticed Crazy Yiuf
  2243 | D:3      | Killed Crazy Yiuf
  2244 | D:3      | Reached XP level 5. HP: 42/42 MP: 4/4
  2279 | D:4      | Reached skill level 7 in Long Blades
  2555 | D:4      | Noticed an ogre
  2573 | D:4      | Killed an ogre
  2574 | D:4      | Reached XP level 6. HP: 15/50 MP: 1/5
  3410 | D:4      | Noticed Blork the orc
  3419 | D:4      | Killed Blork the orc
  3420 | D:4      | Reached skill level 5 in Short Blades
  3420 | D:4      | Reached XP level 7. HP: 40/56 MP: 2/6
  3925 | D:5      | Entered Level 5 of the Dungeon
  4222 | D:5      | Noticed a yak
  4222 | D:5      | Noticed a yak
  4222 | D:5      | Noticed a yak
  4222 | D:5      | Noticed a yak
  4222 | D:5      | Noticed a yak
  4222 | D:5      | Noticed a yak
  4231 | D:5      | Killed a yak
  4232 | D:5      | Reached skill level 8 in Long Blades
  4232 | D:5      | Slain by a yak

Illustrated notes

Levels and vault maps discovered:
D:1:      roderic_chinese_lattice_arrival, layout_loops_cross
D:2:      layout_rooms, chequers_serial_rivers_micro_a, uniq_robin
D:3:      layout_basic, old_standard_altar, shapermc_ecumenical_altar_petra,
          uniq_crazy_yiuf_cottage
D:4:      kennysheep_goblin_castle, layout_loops_corners,
          corexii_hall_statues_i, minmay_circle_x, uniq_blork_the_orc
D:5:      layout_basic, temple_green, st_stairs_3,
          chequers_serial_rivers_small_b, uniq_menkaure

Skill      XL: |  1  2  3  4  5  6  7 |
---------------+----------------------+-----
Long Blades    | 4 5 6 7 8 |  8.3
Short Blades   | 2 5 6 |  6.3
Fighting       | |  2.4
Throwing       | |  2.0
Dodging        | |  3.2

Action                     |  1- 3 |  4- 6 |  7- 9 || total
---------------------------+-------+-------+-------++-------
  Melee: Long sword        |    84 |    72 |     7 ||   163
         Headbutt          |    10 |    31 |    18 ||    59
         Dagger            |       |    84 |    76 ||   160
         Punch             |       |     1 |     1 ||     2
  Throw: Dart              |       |     3 |       ||     3
         Throwing net      |       |     1 |       ||     1
    Use: Scroll            |     3 |     2 |     2 ||     7
         Potion            |       |     1 |       ||     1
 Armour: Leather armour    |    54 |    81 |    51 ||   186
  Dodge: Dodged            |    59 |    83 |    38 ||   180
